 Dungeon Crawl Stone Soup version 0.23.2-1-ga50397a (webtiles) character file.

Game seed: 3621822551692885525

240 Yui24 the Conjurer (level 6, -3/42 HPs)
             Began as a Human Conjurer on May 22, 2019.
             Slain by a gnoll
             ... wielding a +0 spear
              (5 damage)
             ... on level 3 of the Dungeon.
             The game lasted 00:40:05 (3955 turns).

Yui24 the Conjurer (Human Conjurer)                 Turns: 3955, Time: 00:40:05

Health: -3/42      AC:  5    Str: 13    XL:     6   Next: 29%
Magic:  10/10      EV: 18    Int: 22    God:
Gold:   174        SH:  0    Dex: 19    Spells: 7/10 levels left

rFire    . . .     SeeInvis .   i - staff of death
rCold    . . .     Gourm    .   (no shield)
rNeg     + . .     Faith    .   a - +1 robe
rPois    .         Spirit   .   (no helmet)
rElec    .         Reflect  .   (no cloak)
rCorr    .         Harm     .   j - +1 pair of gloves
MR       .....                  t - +0 pair of boots
Stlth    ++........             (no amulet)
HPRegen  0.00/turn              (no ring)
MPRegen  0.12/turn              (no ring)

@: confused, mighty, brilliant, agile, berserk cooldown, slowed, very slow
A: deformed body, inhibited regeneration, no potion heal 1, MP-powered wands
a: no special abilities


You were on level 3 of the Dungeon.
You were not hungry.

You visited 1 branch of the dungeon, and saw 4 of its levels.

You collected 174 gold pieces.

Inventory:

Hand Weapons
 b - a +0 dagger
Armour
 a - a +1 robe (worn)
 j - a +1 pair of gloves (worn)
 t - a +0 pair of boots (worn)
Magical Staves
 i - an uncursed staff of death (weapon)
Jewellery
 l - an uncursed ring of wizardry {unknown}
 o - an uncursed amulet of the acrobat {unknown}
Wands
 q - a wand of scattershot (5)
Scrolls
 m - a scroll of amnesia
Potions
 e - a potion of might
 g - a potion of lignification
 r - a potion of curing {unknown}
 s - a potion of haste {unknown}
Comestibles
 c - 7 rations


   Skills:
 + Level 0.9 Fighting
 - Level 0.3 Short Blades
 + Level 0.6 Staves
 + Level 2.6 Dodging
 + Level 2.6 Stealth
 + Level 2.8 Spellcasting
 * Level 5.9 Conjurations


You had 7 spell levels left.
You knew the following spells:

 Your Spells              Type           Power        Failure   Level  Hunger
a - Magic Dart            Conj           ####         1%          1    None
b - Searing Ray           Conj           #####.       1%          2    ##.....

Your spell library contained the following spells:

 Spells                   Type           Power        Failure   Level  Hunger
 Dazzling Spray           Conj/Hex       ####..       1%          3    ###....
 Iskenderun's Mystic Bla  Conj           #####...     1%          4    ####...
 Force Lance              Conj/Tloc      ####....     4%          4    ####...
 Fulminant Prism          Conj/Hex       ####......   4%          4    ####...


Dungeon Overview and Level Annotations

Branches:
Dungeon (4/15)
 Temple: D:4-7

Altars:


Innate Abilities, Weirdness & Mutations

Armour fits poorly on your strangely shaped body.
You do not regenerate when monsters are visible.
Potions are less effective at restoring your health.
You expend magic power (3 MP) to strengthen your wands.


Message History

You feel a strong urge to attack something.
The gnoll hits you with a +0 whip!
* * * LOW HITPOINT WARNING * * *
The orc hits you.
* * * LOW HITPOINT WARNING * * *
You bump into the rock wall.
The gnoll barely misses you.
You feel your anger nearly subside.
Items here: )) ? [ †† You bump into the rock wall.
You are no longer berserk.
You are exhausted.
You feel yourself slow down. The gnoll misses you.
You bump into the rock wall.
The gnoll hits you but does no damage. The gnoll hits you with a +0 whip!
* * * LOW HITPOINT WARNING * * *
The gnoll misses you.
You bump into the rock wall.
The gnoll hits you with a +0 whip.
* * * LOW HITPOINT WARNING * * *
The gnoll hits you from afar with a +0 spear.
You die...

###..)........# #.#..##.........
..o(<(........####.#.............
####)#....###..÷...^..##...†.....
#.#....#........#.............
##.......................†.....
..(...#......#####o#.......#####
......'....................#
......#........###g#.#.....#
#######...(.....@go..#.....# ...#
####(###.###.#.#.....# ...# #(#
#.# #.#.####### ...# #g# #..
#.#.# ...#######.# #......
...'..gK...# #..##.# ...#######.#
#... .# ...........###.#. .#
..g..........


You could see 2 gnolls and an orc.

Vanquished Creatures
  Jessica (D:2)
  5 gnolls
  6 adders
  An ooze (D:2)
  A dart slug (D:3)
  3 leopard geckos
  9 orcs
  6 giant cockroaches
  10 hobgoblins
  10 jackals
  9 kobolds
  2 quokkas (D:2)
  A ball python (D:2)
  8 bats
  6 frilled lizards
  9 goblins
  8 rats
95 creatures vanquished.

Vanquished Creatures (others)
  An orc (D:2)
1 creature vanquished.

Grand Total: 96 creatures vanquished

Notes
Turn   | Place    | Note
-------+----------+-------------------------------------------
     0 | D:1      | Yui24 the Human Conjurer began the quest for the Orb.
     0 | D:1      | Reached XP level 1. HP: 13/13 MP: 3/3
   306 | D:1      | Reached XP level 2. HP: 19/19 MP: 0/5
   310 | D:1      | Learned a level 2 spell: Searing Ray
   865 | D:1      | Reached XP level 3. HP: 24/24 MP: 1/6
  1523 | D:2      | Reached XP level 4. HP: 24/30 MP: 4/7
  1684 | D:2      | You fall through a shaft!
  2577 | D:2      | Reached skill level 5 in Conjurations
  2577 | D:2      | Reached XP level 5. HP: 26/36 MP: 5/9
  2716 | D:3      | Noticed Jessica
  3228 | D:2      | Killed Jessica
  3449 | D:3      | Reached XP level 6. HP: 23/42 MP: 5/10
  3773 | D:3      | HP: 2/42 [gnoll/+0 whip (3)]
  3827 | D:4      | Noticed an ogre
  3931 | D:3      | Gained mutation: Potions are less effective at restoring
                  | your health. [potion of mutation]
  3931 | D:3      | Gained mutation: Armour fits poorly on your strangely
                  | shaped body. [potion of mutation]
  3931 | D:3      | Gained mutation: You do not regenerate when monsters are
                  | visible. [potion of mutation]
  3931 | D:3      | Gained mutation: You expend magic power (3 MP) to
                  | strengthen your wands. [potion of mutation]
  3954 | D:3      | HP: 2/42 [gnoll/+0 whip (10)]
  3955 | D:3      | Slain by a gnoll

Skill      XL: |  1  2  3  4 |
---------------+-------------+-----
Conjurations   | 5 |  5.9
Fighting       | |  0.9
Short Blades   | |  0.3
Staves         | |  0.6
Dodging        | |  2.6
Stealth        | |  2.6
Spellcasting   | |  2.8

Action                   |  1- 3 |  4- 6 || total
-------------------------+-------+-------++-------
Melee: Dagger            |    41 |    10 ||    51
       Staff             |       |    31 ||    31
 Cast: Magic Dart        |    15 |    20 ||    35
       Searing Ray       |    26 |    52 ||    78
  Use: Scroll            |     3 |     6 ||     9
       Potion            |       |     8 ||     8
  Eat: Chunk             |     4 |     7 ||    11
       Ration            |       |     1 ||     1
Armor: Robe              |    12 |    37 ||    49
       Skin              |       |    38 ||    38
Dodge: Dodged            |    37 |    93 ||   130
